ORI
COASTAL CAROLINA UNIVERSITY CHANTICLEERS @ UNIVERSITY OF MINNESOTA GOLDEN GOPHERS
09/20/2044
 
TOP OF THE 1ST
Coastal Carolina University Chanticleers batting - Pitching for University of Minnesota Golden Gophers : RHP Gregorio Padilla
Pitching: RHP Gregorio Padilla
Batting: SHB Gustavo Froio 0-0: Ball
1-0: Called Strike
1-1: Ground out 1-3 (Groundball, 13, EV 71.3 MPH)
Batting: SHB Brian Zazulak 0-0: Ground out 4-3 (Groundball, 4, EV 81.9 MPH)
Batting: RHB Justin Dunham 0-0: Foul Ball, location: 2F
0-1: Swinging Strike
0-2: Ball
1-2: Fly out, F2 (Popup, 23F, EV 89.4 MPH)
Top of the 1st over - 0 runs, 0 hits, 0 errors, 0 left on base; Coastal Carolina University 0 - University of Minnesota 0
BOTTOM OF THE 1ST
University of Minnesota Golden Gophers batting - Pitching for Coastal Carolina University Chanticleers : RHP Clifton Stannard
Pitching: RHP Clifton Stannard
Batting: LHB Yomas Rodriguez 0-0: Foul Ball, location: 2F
0-1: Fly out, F7 (Flyball, 78S, EV 84.4 MPH)
Batting: RHB Eric Tesler 0-0: Ball
1-0: Fly out, F4 (Line Drive, 4, EV 75.6 MPH)
Batting: LHB Shohei Nishi 0-0: Called Strike
0-1: Ball
1-1: Ball
2-1: Fly out, F7 (Flyball, 7LD, EV 85.0 MPH)
Bottom of the 1st over - 0 runs, 0 hits, 0 errors, 0 left on base; Coastal Carolina University 0 - University of Minnesota 0
TOP OF THE 2ND
Coastal Carolina University Chanticleers batting - Pitching for University of Minnesota Golden Gophers : RHP Gregorio Padilla
Batting: SHB Guy Jerome 0-0: Called Strike
0-1: Ball
1-1: Foul Ball, location: 2F
1-2: Ball
2-2: Strikes out looking
Batting: RHB Tony Cabrera 0-0: Foul Ball, location: 2F
0-1: Ball
1-1: Foul Ball, location: 2F
1-2: Ground out 2-3 (Groundball, 15S, EV 63.8 MPH)
Batting: RHB Eric Zylstra 0-0: Called Strike
0-1: Ball
1-1: Foul Ball, location: 2F
1-2: Ground out 6-3 (Groundball, 6, EV 99.4 MPH)
Top of the 2nd over - 0 runs, 0 hits, 0 errors, 0 left on base; Coastal Carolina University 0 - University of Minnesota 0
BOTTOM OF THE 2ND
University of Minnesota Golden Gophers batting - Pitching for Coastal Carolina University Chanticleers : RHP Clifton Stannard
Batting: RHB Omar Amaya 0-0: Ball
1-0: Swinging Strike
1-1: Foul Ball, location: 2F
1-2: Ball
2-2: Ball
3-2: Ground out 6-3 (Groundball, 6S, EV 88.1 MPH)
Batting: RHB Roberto Rios 0-0: Ball
1-0: Swinging Strike
1-1: Ball
2-1: Called Strike
2-2: Strikes out looking
Batting: RHB Ramiro Vega 0-0: Ground out 4-3 (Groundball, 4, EV 105.6 MPH)
Bottom of the 2nd over - 0 runs, 0 hits, 0 errors, 0 left on base; Coastal Carolina University 0 - University of Minnesota 0
TOP OF THE 3RD
Coastal Carolina University Chanticleers batting - Pitching for University of Minnesota Golden Gophers : RHP Gregorio Padilla
Batting: RHB Ch'ang-chieh Hsia 0-0: Called Strike
0-1: Ball
1-1: Ball
2-1: Ball
3-1: SINGLE (Line Drive, 89M, EV 98.8 MPH)
Batting: RHB Dave de Wolff 0-0: Called Strike
0-1: Ball
1-1: Called Strike
1-2: Ball
2-2: Ball
3-2: Foul Ball, location: 2F
3-2: Grounds into double play, 1-6-3 (Groundball, 13S, EV 66.3 MPH)
Batting: RHB Robby Herrera 0-0: Foul Ball, location: 2F
0-1: Foul Ball, location: 2F
0-2: Ball
1-2: Fly out, F3 (Popup, 3F, EV 66.3 MPH)
Top of the 3rd over - 0 runs, 1 hit, 0 errors, 0 left on base; Coastal Carolina University 0 - University of Minnesota 0
BOTTOM OF THE 3RD
University of Minnesota Golden Gophers batting - Pitching for Coastal Carolina University Chanticleers : RHP Clifton Stannard
Batting: RHB Rafael Porter 0-0: Swinging Strike
0-1: Ball
1-1: Foul Ball, location: 2F
1-2: Strikes out looking
Batting: RHB Willie Camacho 0-0: Called Strike
0-1: Swinging Strike
0-2: Strikes out looking
Batting: RHB Benjie Alejandro 0-0: Called Strike
0-1: Ball
1-1: Foul Ball, location: 2F
1-2: Ball
2-2: Ground out 6-3 (Groundball, 6M, EV 110.0 MPH)
Bottom of the 3rd over - 0 runs, 0 hits, 0 errors, 0 left on base; Coastal Carolina University 0 - University of Minnesota 0
TOP OF THE 4TH
Coastal Carolina University Chanticleers batting - Pitching for University of Minnesota Golden Gophers : RHP Gregorio Padilla
Batting: SHB Gustavo Froio 0-0: Ball
1-0: Ball
2-0: Ball
3-0: Base on Balls
Batting: SHB Brian Zazulak 0-0: Ball
1-0: Fly out, F3 (Line Drive, 3, EV 67.5 MPH)
Batting: RHB Justin Dunham 0-0: Foul Ball, location: 2F
0-1: Called Strike
0-2: Ball
1-2: Ball
2-2: Strikes out swinging
Batting: SHB Guy Jerome 0-0: Called Strike
0-1: Ball
1-1: Ball
2-1: DOUBLE (Flyball, 89D, EV 95.6 MPH)
Gustavo Froio to third
Runner from 3rd tries for Home, throw by CF and OUT! 8-4-2
Top of the 4th over - 0 runs, 1 hit, 0 errors, 1 left on base; Coastal Carolina University 0 - University of Minnesota 0
BOTTOM OF THE 4TH
University of Minnesota Golden Gophers batting - Pitching for Coastal Carolina University Chanticleers : RHP Clifton Stannard
Batting: LHB Yomas Rodriguez 0-0: Ball
1-0: Ball
2-0: Foul Ball, location: 2F
2-1: Ball
3-1: Foul Ball, location: 2F
3-2: Fly out, F9 (Flyball, 9D, EV 95.6 MPH)
Batting: RHB Eric Tesler 0-0: Foul Ball, location: 2F
0-1: SINGLE (Groundball, 34D, EV 101.9 MPH)
Batting: LHB Shohei Nishi 0-0: Fielders Choice at 2nd, 2-6 (Groundball, 2R, EV 65.0 MPH)
Batting: RHB Omar Amaya 0-0: Called Strike
Shohei Nishi is caught stealing 2nd base 2-4
Bottom of the 4th over - 0 runs, 1 hit, 0 errors, 0 left on base; Coastal Carolina University 0 - University of Minnesota 0
TOP OF THE 5TH
Coastal Carolina University Chanticleers batting - Pitching for University of Minnesota Golden Gophers : RHP Gregorio Padilla
Batting: RHB Tony Cabrera 0-0: Foul Ball, location: 2F
0-1: Ball
1-1: Ground out 5-3 (Groundball, 56, EV 108.1 MPH)
Batting: RHB Eric Zylstra 0-0: Ground out 6-3 (Groundball, 6MD, EV 86.3 MPH)
Batting: RHB Ch'ang-chieh Hsia 0-0: Foul Ball, location: 2F
0-1: Ground out 3-1 (Groundball, 34, EV 85.6 MPH)
Top of the 5th over - 0 runs, 0 hits, 0 errors, 0 left on base; Coastal Carolina University 0 - University of Minnesota 0
BOTTOM OF THE 5TH
University of Minnesota Golden Gophers batting - Pitching for Coastal Carolina University Chanticleers : RHP Clifton Stannard
Batting: RHB Omar Amaya 0-0: Ball
1-0: Swinging Strike
1-1: Ground out U3 (Groundball, 3S, EV 83.1 MPH)
Batting: RHB Roberto Rios 0-0: Ball
1-0: Called Strike
1-1: Ball
2-1: Ball
3-1: Foul Ball, location: 2F
3-2: Strikes out looking
Batting: RHB Ramiro Vega 0-0: Called Strike
0-1: Foul Ball, location: 2F
0-2: Foul Ball, location: 2F
0-2: Ball
1-2: Strikes out swinging
Bottom of the 5th over - 0 runs, 0 hits, 0 errors, 0 left on base; Coastal Carolina University 0 - University of Minnesota 0
TOP OF THE 6TH
Coastal Carolina University Chanticleers batting - Pitching for University of Minnesota Golden Gophers : RHP Gregorio Padilla
Batting: RHB Dave de Wolff 0-0: Swinging Strike
0-1: Ball
1-1: Called Strike
1-2: Strikes out swinging
Batting: RHB Robby Herrera 0-0: Foul Ball, location: 2F
0-1: Ball
1-1: Swinging Strike
1-2: Hit by Pitch
Batting: SHB Gustavo Froio 0-0: Ball
1-0: Ground out 6-3 (Groundball, 6MD, EV 108.8 MPH)
Robby Herrera to second
Batting: SHB Brian Zazulak 0-0: Ball
1-0: Ball
2-0: Ball
3-0: Called Strike
3-1: SINGLE (Groundball, 34D, EV 105.6 MPH)
Robby Herrera to third
Runner from 3rd tries for Home, SAFE, throw by RF to home
Batting: RHB Justin Dunham 0-0: Ball
1-0: Called Strike
1-1: Foul Ball, location: 2F
1-2: 2-RUN HOME RUN (Flyball, 7D, EV 94.4 MPH), Distance : 372 ft
Batting: SHB Guy Jerome 0-0: Ball
1-0: Ball
2-0: Fly out, F2 (Popup, 25F, EV 93.1 MPH)
Top of the 6th over - 3 runs, 2 hits, 0 errors, 0 left on base; Coastal Carolina University 3 - University of Minnesota 0
BOTTOM OF THE 6TH
University of Minnesota Golden Gophers batting - Pitching for Coastal Carolina University Chanticleers : RHP Clifton Stannard
Batting: RHB Rafael Porter 0-0: Ball
1-0: Swinging Strike
1-1: Fly out, F7 (Flyball, 78M, EV 90.6 MPH)
Batting: RHB Willie Camacho 0-0: Ball
1-0: Called Strike
1-1: Called Strike
1-2: Foul Ball, location: 2F
1-2: SINGLE (Groundball, 56S, EV 66.9 MPH) (infield hit)
Batting: RHB Benjie Alejandro 0-0: Called Strike
0-1: SINGLE (Groundball, 34D, EV 104.4 MPH)
Willie Camacho to second
Runner from 2nd tries for 3rd, SAFE, throw by RF made to third
Benjie Alejandro to second
Batting: LHB Yomas Rodriguez 0-0: Swinging Strike
0-1: Ball
1-1: Ball
2-1: Fly out, F9 (Flyball, 9, EV 78.8 MPH)
Runner from 3rd tags up, SCORES, throw by RF
Benjie Alejandro to third
Pinch Hitting: RHB Luis Monita 0-0: SINGLE (Groundball, 6MD, EV 105.6 MPH)
Benjie Alejandro scores
Batting: LHB Shohei Nishi 0-0: SINGLE (Groundball, 25, EV 67.5 MPH) (infield hit)
Luis Monita to second
Batting: RHB Omar Amaya 0-0: Called Strike
0-1: Ball
1-1: Foul Ball, location: 2F
1-2: Strikes out swinging
Bottom of the 6th over - 2 runs, 4 hits, 0 errors, 2 left on base; Coastal Carolina University 3 - University of Minnesota 2
TOP OF THE 7TH
Coastal Carolina University Chanticleers batting - Pitching for University of Minnesota Golden Gophers : RHP Gregorio Padilla
Pitching: RHP Keith Birely
Now at SS: Rodolfo Cosme
Batting: RHB Tony Cabrera 0-0: Called Strike
0-1: Ball
1-1: Swinging Strike
1-2: Strikes out swinging
Batting: RHB Eric Zylstra 0-0: Swinging Strike
0-1: Ball
1-1: Foul Ball, location: 2F
1-2: Ground out 4-3 (Groundball, 4, EV 85.6 MPH)
Batting: RHB Ch'ang-chieh Hsia 0-0: Swinging Strike
0-1: Called Strike
0-2: Foul Ball, location: 2F
0-2: Strikes out swinging
Top of the 7th over - 0 runs, 0 hits, 0 errors, 0 left on base; Coastal Carolina University 3 - University of Minnesota 2
BOTTOM OF THE 7TH
University of Minnesota Golden Gophers batting - Pitching for Coastal Carolina University Chanticleers : RHP Clifton Stannard
Pitching: LHP Manny Santiago
Batting: RHB Roberto Rios 0-0: Called Strike
0-1: Foul Ball, location: 2F
0-2: Foul Ball, location: 2F
0-2: Strikes out looking
Pinch Hitting: SHB Willie Balderas 0-0: Ball
1-0: Ball
2-0: Fly out, F8 (Flyball, 8LM, EV 84.4 MPH)
Batting: RHB Rafael Porter 0-0: Fly out, F8 (Flyball, 8RD, EV 83.1 MPH)
Bottom of the 7th over - 0 runs, 0 hits, 0 errors, 0 left on base; Coastal Carolina University 3 - University of Minnesota 2
TOP OF THE 8TH
Coastal Carolina University Chanticleers batting - Pitching for University of Minnesota Golden Gophers : RHP Keith Birely
Now at 1B: J.T. Ready
Batting: RHB Dave de Wolff 0-0: Ball
1-0: Fly out, F8 (Flyball, 89XD, EV 103.8 MPH)
Batting: RHB Robby Herrera 0-0: Ball
1-0: Fly out, F7 (Flyball, 7LM, EV 90.6 MPH)
Batting: SHB Gustavo Froio 0-0: Ball
1-0: Swinging Strike
1-1: Ball
2-1: SINGLE (Groundball, 6D, EV 100.6 MPH)
Batting: SHB Brian Zazulak 0-0: Called Strike
0-1: Fielders Choice at 2nd, 6-4 (Groundball, 6, EV 101.3 MPH)
Top of the 8th over - 0 runs, 1 hit, 0 errors, 1 left on base; Coastal Carolina University 3 - University of Minnesota 2
BOTTOM OF THE 8TH
University of Minnesota Golden Gophers batting - Pitching for Coastal Carolina University Chanticleers : LHP Manny Santiago
Pinch Hitting: LHB Dean Bloemendal 0-0: Called Strike
0-1: Called Strike
0-2: Strikes out looking
Batting: RHB Benjie Alejandro 0-0: Foul Ball, location: 2F
0-1: Ball
1-1: Foul Ball, location: 2F
1-2: Ground out 6-3 (Groundball, 56, EV 82.5 MPH)
Batting: LHB Yomas Rodriguez 0-0: Called Strike
0-1: Ball
1-1: Called Strike
1-2: Ball
2-2: Ball
3-2: Foul Ball, location: 2F
3-2: Hit by Pitch
Pitching: LHP Ivan Osornio
Pinch Hitting: SHB Mike Garvey 0-0: Swinging Strike
0-1: Ball
1-1: Ball
2-1: Ball
3-1: Called Strike
3-2: Strikes out swinging
Bottom of the 8th over - 0 runs, 0 hits, 0 errors, 1 left on base; Coastal Carolina University 3 - University of Minnesota 2
TOP OF THE 9TH
Coastal Carolina University Chanticleers batting - Pitching for University of Minnesota Golden Gophers : RHP Keith Birely
Pitching: LHP James Reynolds
Now at SS: Fernando Sosa
Now in LF: Dean Bloemendal
Batting: RHB Justin Dunham 0-0: Foul Ball, location: 2F
0-1: Foul Ball, location: 2F
0-2: Ball
1-2: Ball
2-2: Ball
3-2: DOUBLE (Line Drive, 9LM, EV 109.4 MPH)
Batting: RHB Francisco Cabrera 0-0: Intentional Walk
Pinch Runner at 2nd Oda Kawamoto:
Batting: RHB Tony Cabrera 0-0: Fly out, F8 (Flyball, 8LD, EV 90.6 MPH)
Batting: RHB Eric Zylstra 0-0: Foul Ball, location: 2F
0-1: Foul Ball, location: 2F
0-2: Ball
1-2: Strikes out looking
Pinch Hitting: SHB Suzunosuke Yamaguchi 0-0: Swinging Strike
0-1: Foul Ball, location: 2F
0-2: SINGLE (Line Drive, 4M, EV 103.1 MPH)
Oda Kawamoto to third
Francisco Cabrera to second
Batting: RHB Dave de Wolff 0-0: Ball
1-0: Ball
2-0: Foul Ball, location: 2F
2-1: Foul Ball, location: 2F
2-2: Strikes out looking
Top of the 9th over - 0 runs, 2 hits, 0 errors, 3 left on base; Coastal Carolina University 3 - University of Minnesota 2
BOTTOM OF THE 9TH
University of Minnesota Golden Gophers batting - Pitching for Coastal Carolina University Chanticleers : LHP Ivan Osornio
Pitching: LHP Ronnie Pickering
Now at C: Israel Jaramillo
Now at 1B: Chris Wonder
Pinch Hitting: RHB Ding-bong He 0-0: Called Strike
0-1: Ball
1-1: Ball
2-1: Fly out, F7 (Flyball, 7LM, EV 98.8 MPH)
Batting: RHB Omar Amaya 0-0: Ball
1-0: Called Strike
1-1: Ball
2-1: Swinging Strike
2-2: Ball
3-2: Strikes out swinging
Pinch Hitting: RHB Archer McDowell 0-0: SINGLE (Line Drive, 9S, EV 98.8 MPH)
Batting: SHB J.T. Ready 0-0: Called Strike
0-1: Ball
1-1: Ball
2-1: Ball
3-1: Foul Ball, location: 2F
3-2: Strikes out swinging
Bottom of the 9th over - 0 runs, 1 hit, 0 errors, 1 left on base; Coastal Carolina University 3 - University of Minnesota 2
Thursday, March 31st , 2022 - OOTP Baseball 22.12 Build 89